Map: Dusk Towers

Players

capac

  • Race: Terran Terran
  • League: Gold

PhiLKrÖtE - Winner!

  • Race: Protoss Protoss
  • League: Gold

VOD

Have the link to the VOD?

Description

Time

  • Played on: March 5, 2016, 1:16 p.m.
  • Length: 18:02
Show
View Real Time Build Order
Export as new Build Order

capac Terran 

Build Orders: MMM Bio 

Get SALT Encoding   

  12  0:01  SCV  
  13  0:13  SCV  
  14  0:23  Supply Depot  
  14  0:26  SCV  
  15  0:41  Refinery  
  15  0:45  Barracks, SCV  
  17  0:57  SCV  
  17  1:09  SCV  
  18  1:21  SCV  
  19  1:33  SCV  
  19  1:37  Command Center  
  20  1:45  Supply Depot, Barracks Reactor  
  20  1:47  SCV  
  21  2:03  Orbital Command  
  21  2:22  Barracks  
  21  2:23  Factory  
  21  2:26  Refinery  
  21  2:27  Marine  
  22  2:32  Marine  
  23  2:43  SCV  
  24  2:45  Marine  
  24  2:49  Marine  
  26  2:57  SCV  
  27  3:02  Orbital Command  
  27  3:04  Marine  
  28  3:07  Marine  
  28  3:09  Factory Tech Lab  
  29  3:16  Starport  
  28  3:31  Bunker  
  28  3:33  Siege Tank  
  31  3:39  Barracks Tech Lab  
  31  3:40  SCV  
  32  3:47  Engineering Bay  
  32  3:55  Marine x2  
  34  4:03  SCV x2  
  34  4:07  Starport Reactor  
  36  4:15  Missile Turret  
  36  4:16  Marine x3  
  39  4:19  Stimpack  
  39  4:22  SCV  
  40  4:36  Marine  
  40  4:37  Marine x2, Missile Turret  
  43  4:42  SCV x2  
  45  4:50  Supply Depot  
  45  4:54  Medivac x2  
  45  4:57  SCV x2  
  51  5:02  Marine x3  
  51  5:03  Refinery  
  54  5:13  Supply Depot  
  54  5:24  Missile Turret  
  54  5:27  SCV x2  
  56  5:29  Marine  
  56  5:30  Marine x2  
  59  5:39  SCV x2  
  61  5:47  Marine  
  61  5:48  Marine x2  
  64  5:51  SCV x2  
  61  6:32  Missile Turret  
  59  6:44  Liberator x2  
  57  6:58  Marine x3  
  60  7:01  Siege Tank  
  60  7:26  Marine x3  
  63  7:33  Terran Infantry Weapons Level 1  
  63  7:34  Barracks, Siege Tank  
  63  7:35  Barracks, Command Center  
  63  7:36  Barracks  
  66  7:38  SCV  
  66  7:43  SCV  
  66  7:44  Marine x2  
  70  7:53  Supply Depot  
  70  7:57  Marine, SCV, Medivac  
  74  8:07  SCV  
  74  8:10  SCV  
  56  8:54  Marine x6  
  62  9:11  Marine  
  62  9:12  Marine x3  
  62  9:15  Barracks Reactor  
  62  9:16  Barracks Reactor  
  66  9:22  SCV x2  
  68  9:24  Refinery, Liberator x2  
  68  9:25  Supply Depot  
  68  9:29  Marine x2  
  70  9:40  Siege Tank  
  70  9:43  SCV x2  
  81  9:55  Barracks Reactor  
  81  9:56  Combat Shields  
  81  10:00  Marine x3  
  84  10:14  Terran Infantry Armor Level 1  
  84  10:17  Armory  
  81  10:41  Marine  
  81  10:42  Marine x3  
  85  10:44  Medivac  
  85  10:45  Medivac  
  85  10:46  Orbital Command  
  89  10:51  Marine x4  
  89  10:52  Marine, Missile Turret  
  89  10:55  Siege Tank  
  97  11:07  Engineering Bay  
  97  11:23  Missile Turret  
  97  11:30  Marine x3  
  97  11:31  Marine x3  
  97  11:32  Medivac x2  
  107  11:40  Starport  
  107  11:43  Concussive Shells, Missile Turret  
  107  11:47  SCV x2  
  109  11:58  Marine, SCV  
  109  11:59  Marine x6, SCV x2  
  109  12:00  Marine  
  109  12:01  Marine  
  120  12:02  Siege Tank  
  120  12:04  Medivac x2  
  128  12:10  SCV  
  128  12:11  SCV  
  130  12:21  Command Center  
  130  12:26  Marine  
  130  12:27  Marine x2  
  133  12:34  Supply Depot, Starport Reactor  
  133  12:38  Liberator x2  
  133  12:54  Marine x5, SCV x3  
  133  12:55  Marine  
  148  13:01  Supply Depot  
  148  13:04  Supply Depot  
  148  13:06  Supply Depot  
  148  13:07  Supply Depot  
  136  13:51  Liberator  
  136  13:52  Liberator  
  136  13:54  SCV x3  
  136  13:55  Refinery  
  145  14:27  SCV x2  
  145  14:28  Orbital Command  
  147  14:32  Refinery  
  147  14:48  Liberator x2  
  147  14:49  Liberator x2  
  147  14:52  Marine x3  
  148  14:53  Marine x5  
  155  15:03  Marine  
  168  15:10  Marine x3  
  171  15:20  Terran Infantry Weapons Level 2  
  168  15:40  Liberator x2  
  112  15:54  Marine  
  112  15:55  Marine x7  
  112  15:56  Marine  
  98  16:12  Marine x2  
  98  16:13  Marine x4  
  98  16:14  Marauder  
  98  16:15  Medivac x2  
  61  16:48  Marine x4  
  61  16:49  Marine x4  
  61  17:28  Marine x2  
  61  17:29  Marine x4  
Show
View Real Time Build Order
Export as new Build Order

PhiLKrÖtE Protoss - Winner!

Build Orders: 1 Gate Expand 

Get SALT Encoding   

  12  0:00  Probe (Chrono Boost)  
  13  0:11  Probe (Chrono Boost)  
  14  0:19  Pylon  
  14  0:22  Probe (Chrono Boost)  
  15  0:37  Probe (Chrono Boost), Gateway  
  16  0:44  Assimilator  
  16  0:47  Probe (Chrono Boost)  
  17  0:58  Probe (Chrono Boost)  
  18  1:10  Probe (Chrono Boost)  
  19  1:26  Nexus  
  19  1:29  Probe (Chrono Boost)  
  20  1:40  Cybernetics Core  
  20  1:44  Probe (Chrono Boost)  
  21  1:55  Gateway  
  21  1:58  Probe (Chrono Boost)  
  22  2:17  Warp Gate  
  22  2:23  Pylon  
  22  2:24  Probe  
  22  2:25  Assimilator  
  22  2:28  Pylon  
  23  2:37  Probe  
  23  2:40  Probe, Adept (Chrono Boost)  
  29  2:44  Adept (Chrono Boost)  
  29  2:49  Probe  
  30  2:54  Mothership Core  
  32  3:01  Probe  
  33  3:07  Assimilator  
  33  3:13  Probe  
  33  3:15  Adept (Chrono Boost)  
  33  3:16  Adept (Chrono Boost)  
  38  3:31  Probe  
  38  3:32  Stargate, Probe, Gateway  
  40  3:43  Probe  
  40  3:44  Probe  
  40  3:48  Stalker (Chrono Boost)  
  44  3:51  Stalker (Chrono Boost)  
  46  4:00  Probe x2  
  48  4:09  Pylon  
  48  4:14  Forge  
  48  4:17  Pylon  
  48  4:19  Oracle (Chrono Boost)  
  51  4:31  Pylon  
  51  4:32  Probe x2  
  53  4:48  Assimilator  
  53  4:51  Probe  
  53  4:52  Probe  
  55  4:56  Pylon  
  55  5:02  Twilight Council  
  55  5:15  Stalker x2  
  55  5:16  Stalker  
  61  5:24  Protoss Ground Weapons Level 1  
  61  5:30  Probe, Photon Cannon  
  61  5:32  Probe  
  61  5:33  Photon Cannon  
  63  5:40  Probe  
  63  5:42  Gateway, Pylon  
  64  5:44  Probe, Gateway  
  64  5:46  Blink (Chrono Boost)  
  65  5:51  Probe  
  65  5:56  Probe  
  67  6:27  Stalker x3  
  72  6:44  Stalker x2  
  75  6:55  Pylon  
  75  7:13  Stalker  
  75  7:14  Stalker x4  
  82  7:29  Assimilator  
  82  7:31  Photon Cannon  
  82  7:34  Gateway  
  82  7:35  Photon Cannon  
  82  7:37  Gateway  
  82  7:39  Gateway  
  82  7:42  Probe, Pylon  
  82  7:43  Probe  
  84  7:54  Protoss Ground Weapons Level 2 (Chrono Boost)  
  84  8:00  Nexus  
  84  8:02  Pylon, Forge  
  84  8:03  Pylon  
  84  8:06  Assimilator  
  84  8:10  Assimilator  
  46  8:57  Stalker x5  
  56  9:09  Robotics Facility x2  
  56  9:11  Pylon  
  56  9:12  Gateway  
  56  9:14  Gateway  
  56  9:21  Pylon  
  56  9:26  Photon Cannon, Gateway  
  56  9:30  Gateway  
  56  9:34  Photon Cannon  
  56  9:37  Probe, Photon Cannon  
  56  9:38  Probe  
  56  9:44  Mothership Core, Pylon  
  60  9:48  Probe  
  60  9:52  Templar Archives  
  61  9:55  Protoss Ground Weapons Level 3 (Chrono Boost)  
  61  9:57  Observer x2  
  63  10:06  Charge  
  63  10:42  Stalker  
  63  10:43  Stalker x5  
  63  10:44  Stalker  
  77  10:51  Immortal  
  77  10:56  Probe  
  81  10:57  Probe  
  83  11:14  Psionic Storm  
  83  11:15  High Templar x3  
  83  11:17  Adept  
  83  11:18  Protoss Shields Level 1 (Chrono Boost)  
  91  11:20  High Templar  
  91  11:21  High Templar  
  91  11:22  High Templar x2  
  91  11:23  High Templar  
  101  11:41  Immortal  
  105  11:47  Warp Prism  
  107  12:07  High Templar x3  
  107  12:08  Zealot x3  
  115  12:11  High Templar, Pylon  
  115  12:12  Archon  
  97  13:50  Zealot x2  
  97  13:51  Zealot x5  
  97  13:52  Zealot  
  113  14:07  Immortal x2 (Chrono Boost)  
  121  14:18  High Templar x3  
  121  14:19  High Templar x5  
  121  14:20  High Templar x4  
  121  14:22  Archon  
  121  14:23  Archon x3  
  121  14:24  Archon x2  
  145  14:30  Nexus  
  145  14:31  Pylon, Assimilator  
  145  14:32  Pylon  
  145  14:33  Pylon  
  145  14:34  Pylon  
  145  14:35  Assimilator  
  145  14:40  Protoss Shields Level 2  
  145  14:46  Immortal x2 (Chrono Boost)  
  153  14:58  Photon Cannon  
  153  15:00  Photon Cannon  
  153  15:04  Photon Cannon  
  153  15:11  Adept  
  153  15:12  Adept  
  153  15:13  Adept  
  159  15:21  Immortal (Chrono Boost)  
  157  15:31  High Templar x3  
  157  15:32  High Templar  
  124  15:56  Archon  
  122  16:14  Zealot x5  
  122  16:15  Zealot x2  
  118  16:39  High Templar x5  
  122  16:41  Zealot x3  
  122  16:42  Zealot x4  
  130  16:48  Archon x2  
  128  17:01  Archon  
  128  17:03  High Templar x2  
  128  17:04  Zealot  
  128  17:05  Zealot x4  
  136  17:09  Archon  
  112  17:47  Zealot x2  
  112  17:48  Zealot x4  
  112  17:49  Zealot  
  112  17:50  High Templar x4  
Tags
 
Composition
MMM Bio
League
GoldGold
Matchup
PvT
Add a new tag
Caveats
  • Supply blocks, unpowered buildings, or Contaminate may cause inaccurate times.
  • Supply counts are checked every 10 seconds.